 Dungeon Crawl Stone Soup version 0.26.0-7-g794d0892b4 (webtiles) character file.

Game seed: 10239903145907387807

10677 shakesphere1979 the Destroyer (level 11, 0/85 HPs)
             Began as a Black Draconian Conjurer on Jan 11, 2021.
             Was an Elder of Hepliaklqana.
             Slain by Fannar
             ... wielding a +0 quarterstaff of freezing
              (4 damage)
             ... on level 11 of the Dungeon on Jan 12, 2021.
             The game lasted 01:04:16 (12653 turns).

shakesphere1979 the Destroyer (DrCj)               Turns: 12653, Time: 01:04:16

Health: 0/85       AC: 12    Str: 16    XL:     11   Next: 39%
Magic:  31/31      EV: 14    Int: 27    God:    Hepliaklqana [****..]
Gold:   825        SH:  5    Dex:  7    Spells: 4/24 levels left

rFire    . . .     SeeInvis .   a - +6 flail (freeze)
rCold    . . .     Faith    .   (no shield)
rNeg     . . .     Spirit   .   (armour unavailable)
rPois    .         Reflect  +   L - +3 hat of Pondering {ponderous, Will+ MP+10 Int+5}
rElec    +         Harm     .   E - +0 cloak (curse)
rCorr    .         Rampage  .   H - +0 pair of gloves
Will     +....                  (no boots)
Stlth    ++........             p - amulet of reflection
HPRegen  0.64/turn              g - +6 ring of strength
MPRegen  0.22/turn              l - ring of wizardry

@: mighty, slowed, very slow
A: breathe lightning, unfitting armour, reduced essence, stinger 1, clumsy 1,
regeneration 1, electricity resistance, cold-blooded, AC +7
a: Breathe Lightning, Renounce Religion, Recall Ancestor, Ancestor Identity,
Transference, Idealise


You were on level 11 of the Dungeon.
You worshipped Hepliaklqana.
Hepliaklqana was greatly pleased with you.
You visited 2 branches of the dungeon, and saw 12 of its levels.

You collected 825 gold pieces.

Inventory:

Hand Weapons
 a - a +6 flail of freezing (weapon)
 b - a +3 hunting sling of flaming
 N - a +2 dagger of electrocution
Missiles
 c - 335 stones
 d - 335 arrows
 f - 3 atropa-tipped darts
 w - 106 bolts
 y - 2 throwing nets
 z - 49 poisoned darts (quivered)
 S - 107 sling bullets
Armour
 h - a +0 kite shield
 t - a +0 cloak
 u - a scarf of invisibility
 E - a cursed +0 cloak (worn)
 H - a +0 pair of gloves (worn)
 L - the +3 hat of Pondering (worn) {ponderous, Will+ MP+10 Int+5}
   (You found it on level 7 of the Dungeon)

   It affects your intelligence (+5).
   It affects your willpower, your defense against some magical effects.
   It affects your magic capacity (+10).
Jewellery
 g - a +6 ring of strength (left hand)
 l - a ring of wizardry (right hand)
 p - an amulet of reflection (around neck)
 F - an uncursed ring of stealth {unknown}
 I - a +4 ring of evasion
 P - an uncursed ring of poison resistance
 X - an uncursed ring of wizardry
 Y - an uncursed amulet of regeneration {unknown}
Wands
 K - a wand of flame (16)
 Q - a wand of iceblast (12)
Scrolls
 j - 5 scrolls of identify
 k - 8 scrolls of remove curse
 m - 3 scrolls of magic mapping
 o - a scroll of vulnerability {unknown}
 q - 2 scrolls of enchant weapon
 s - 2 scrolls of blinking
 v - 5 scrolls of teleportation
 C - a scroll of fog {unknown}
 D - a scroll of amnesia
 M - a scroll of noise {unknown}
 T - a scroll of enchant armour {unknown}
 V - a scroll of random uselessness {unknown}
Potions
 e - a potion of mutation
 i - 4 potions of lignification
 n - 2 potions of brilliance {unknown}
 r - 5 potions of might
 x - 2 potions of heal wounds
 A - 3 potions of resistance
 B - 4 potions of curing
 G - 2 potions of attraction {unknown}
 J - a potion of invisibility {unknown}
 O - 2 potions of flight {unknown}
 R - 2 potions of ambrosia
 U - a potion of degeneration {unknown}
 W - a potion of haste {unknown}


   Skills:
 + Level 8.5 Fighting
 + Level 8.0 Dodging
 - Level 4.0 Stealth
 - Level 7.0 Spellcasting
 - Level 9.0 Conjurations
 - Level 3.0 Hexes
 - Level 3.0 Poison Magic
 + Level 7.2 Invocations


You had 4 spell levels left.
You knew the following spells:

 Your Spells              Type           Power        Failure   Level
a - Slow                  Hex            25%          1%          2
b - Searing Ray           Conj           100%         1%          2
c - Dazzling Flash        Conj/Hex       82%          1%          3
d - Fulminant Prism       Conj/Hex       20%          1%          4
e - Iskenderun's Mystic   Conj/Tloc      33%          3%          4
f - Blink                 Tloc           N/A          3%          2
g - Mephitic Cloud        Conj/Pois/Air  31%          1%          3

Your spell library contained the following spells:

 Spells                   Type           Power        Failure   Level
 Magic Dart               Conj           100%         1%          1
 Conjure Flame            Conj/Fire      33%          1%          3
 Summon Small Mammal      Summ           36%          2%          1
 Call Imp                 Summ           9%           3%          2
 Summon Guardian Golem    Hex/Summ       17%          4%          3
 Call Canine Familiar     Summ           9%           7%          3
 Summon Ice Beast         Ice/Summ       9%           22%         4
 Summon Lightning Spire   Summ/Air       9%           22%         4


Dungeon Overview and Level Annotations

Branches:
Dungeon (11/15)            Temple (1/1) D:7             Orc (0/2) D:9
   Lair: D:8-11

Altars:
Ashenzari
Cheibriados
Dithmenos
Elyvilon
Fedhas
Gozag
Hepliaklqana
Kikubaaqudgha
Makhleb
Nemelex Xobeh
Okawaru
Qazlal
Ru
Sif Muna
Trog
Uskayaw
Vehumet
Wu Jian
Xom
Yredelemnul
Zin
The Shining One

Shops:
D:7 :

Annotations:
D:5 Eustachio
D:11 Fannar


Innate Abilities, Weirdness & Mutations

You can breathe wild blasts of lightning.
Your glossy black scales are hard. (AC +7)
You cannot fit into any form of body armour.
You are resistant to electric shocks. (rElec)
You are cold-blooded and may be slowed by cold attacks.
Your life essence is reduced to manifest your ancestor. (-10% HP)
Your tail ends in a poisonous barb.
You are clumsy. (Dex -2)
Your natural rate of healing is unusually fast.


Message History

You block the ice beast's attack.
The ice beast hits Izel.
The ice beast freezes Izel.
Izel resists.
Izel is destroyed!
You barely miss Fannar.
Fannar is severely wounded.
Fannar barely misses you. The ice beast barely misses you.
Fannar casts a spell.
Fannar drains the heat from the surrounding environment!
You feel very cold.
* * * LOW HITPOINT WARNING * * *
You feel as though you will be slow longer.
The ice beast barely misses you.
The ice beast hits you but does no damage.
You feel very mighty all of a sudden.
Fannar hits you with a +0 quarterstaff of freezing!
* * * LOW HITPOINT WARNING * * *
You feel as though you will be slow longer.
Fannar freezes you.
You die...

#[..#.#...###.#
..............#
#...#.#.####)†#
##.........#..#
...........#.>#
##.######.[#..# #
#..#..#
#####..#YY#######
[..........@eY.....
#######..##########
#..# #..# ...#
###.$ #.. #.


You could see Fannar (icy armour, resistant) and 3 ice beasts.

Vanquished Creatures
  4 humans (D:7)
  A yak (D:7)
  An acid dragon (D:10)
  A hornet zombie (D:6)
  4 orc warriors (D:9)
  A phantom (D:9)
  An ice beast (D:5)
  6 ogres
  2 centaurs (D:7)
  A bullfrog (D:9)
  Blork the orc (D:7)
  A scorpion (D:8)
  7 killer bees
  4 wights (D:7)
  A howler monkey (D:6)
  2 hounds
  An iron imp (D:9)
  3 orc priests
  3 jellies
  2 centaur skeletons
  Terence (D:2)
  7 orc wizards
  5 worker ants
  A hound zombie (D:6)
  14 adders
  3 shadow imps
  2 white imps
  An ufetubus (D:7)
  2 oozes
  5 worms
  2 dart slugs
  2 leopard geckos
  24 orcs
  6 giant cockroaches
  5 goblins
  10 hobgoblins
  6 jackals
  6 kobolds
  4 quokkas
  7 bats
  6 frilled lizards
  A leopard gecko skeleton (D:6)
  A quokka skeleton (D:5)
  11 rats
  6 fulminant prisms
185 creatures vanquished.

Vanquished Creatures (collateral kills)
  Gastronok (D:9)
  Josephine (D:11)
  Pikel (D:9)
  Joseph (D:9)
  Psyche (D:7)
  2 trolls
  A hornet (D:9)
  3 wraiths (D:11)
  2 humans (D:7)
  A water moccasin (D:11)
  An orc warrior (D:8)
  2 black bears (D:6)
  An ogre (D:9)
  2 centaurs
  A lemure (D:9)
  2 bullfrogs (D:8)
  3 scorpions
  10 killer bees
  9 wights
  A jelly (D:6)
  A centaur skeleton (D:6)
  2 bullfrog skeletons
  4 hounds (D:7)
  An orc priest (D:9)
  3 orc wizards
  A worker ant (D:8)
  An adder (D:5)
  An ufetubus (D:8)
  An adder skeleton (D:6)
  An adder zombie (D:6)
  9 orcs
  2 quokkas
73 creatures vanquished.

Vanquished Creatures (others)
  3 battlemagi
  3 ancestors (D:7)
  8 fulminant prisms
14 creatures vanquished.

Grand Total: 272 creatures vanquished

Notes
Turn   | Place    | Note
-------+----------+-------------------------------------------
     0 | D:1      | shakesphere1979 the Draconian Conjurer began the quest for
                  | the Orb.
     0 | D:1      | Reached XP level 1. HP: 14/14 MP: 3/3
   640 | D:1      | Reached XP level 2. HP: 15/20 MP: 3/5
  1408 | D:2      | Noticed Terence
  1794 | D:2      | Reached XP level 3. HP: 20/26 MP: 6/6
  2041 | D:2      | Learned a level 2 spell: Searing Ray
  2195 | D:2      | Gained mutation: You are clumsy. (Dex -2) [potion of
                  | mutation]
  2195 | D:2      | Gained mutation: Your natural rate of healing is unusually
                  | fast. [potion of mutation]
  2195 | D:2      | Gained mutation: Your tail ends in a poisonous barb.
                  | [potion of mutation]
  2451 | D:2      | Killed Terence
  2452 | D:2      | Reached XP level 4. HP: 6/33 MP: 1/7
  2984 | D:3      | Found a shadowy altar of Dithmenos.
  3253 | D:3      | Found a shadowy altar of Dithmenos.
  3388 | D:3      | Reached XP level 5. HP: 38/38 MP: 9/9
  3482 | D:3      | Found a hazy altar of Hepliaklqana.
  3996 | D:3      | Learned a level 3 spell: Dazzling Flash
  4375 | D:4      | Reached skill level 5 in Conjurations
  4576 | D:4      | Reached XP level 6. HP: 45/45 MP: 1/11
  4953 | D:4      | Found a blossoming altar of Fedhas.
  4953 | D:4      | Found a glowing golden altar of the Shining One.
  4959 | D:4      | Found a broken altar of Ashenzari.
  4961 | D:4      | Found an iron altar of Okawaru.
  4962 | D:4      | Found a faded altar of an unknown god.
  5171 | D:3      | Became a worshipper of Hepliaklqana the Forgotten
  5460 | D:5      | Entered Level 5 of the Dungeon
  5527 | D:5      | You fall into a shaft and drop 1 floor!
  5561 | D:6      | Reached skill level 6 in Conjurations
  5784 | D:5      | Noticed an ice beast
  5804 | D:5      | Killed an ice beast
  5805 | D:5      | Your scales start taking on a glossy black colour.
  5805 | D:5      | Reached XP level 7. HP: 38/45 MP: 12/14
  5805 | D:5      | Gained mutation: You are resistant to electric shocks.
                  | (rElec) [Black Draconian growth]
  5955 | D:5      | Reached skill level 5 in Spellcasting
  5956 | D:5      | Found a snail-covered altar of Cheibriados.
  6059 | D:5      | Noticed Eustachio
  6232 | D:5      | Reached skill level 7 in Conjurations
  6237 | D:5      | Learned a level 4 spell: Fulminant Prism
  6242 | D:5      | Learned a level 4 spell: Iskenderun's Mystic Blast
  6274 | D:5      | Reached * piety under Hepliaklqana
  6618 | D:5      | Found a bloodstained altar of Trog.
  6795 | D:6      | Reached skill level 1 in Fighting
  6803 | D:6      | Reached skill level 1 in Hexes
  7004 | D:6      | Reached XP level 8. HP: 54/54 MP: 15/15
  7074 | D:6      | Found a sparkling altar of Nemelex Xobeh.
  7141 | D:6      | Found a broken altar of Ashenzari.
  7550 | D:6      | Reached ** piety under Hepliaklqana
  7754 | D:7      | Found Hiciap's Book Shoppe.
  7840 | D:7      | Found a staircase to the Ecumenical Temple.
  7861 | Temple   | Entered the Ecumenical Temple
  8184 | D:7      | Noticed Psyche
  8339 | D:7      | Reached XP level 9. HP: 63/63 MP: 17/19
  8416 | D:7      | Reached skill level 1 in Invocations
  8794 | D:7      | Remembered your ancestor Izel as a battlemage
  8810 | D:7      | Found a sparkling altar of Nemelex Xobeh.
  8859 | D:7      | Reached skill level 5 in Fighting
  9002 | D:7      | Found the +3 hat of Pondering {ponderous, Will+ MP+10
                  | Int+5}
  9056 | D:7      | Killed Psyche
  9291 | D:7      | Noticed Blork the orc
  9300 | D:7      | Killed Blork the orc
  9301 | D:7      | Reached skill level 8 in Conjurations
  9523 | D:7      | Found a shimmering blue altar of Sif Muna.
  9787 | D:8      | Reached skill level 5 in Dodging
  9798 | D:8      | Reached XP level 10. HP: 56/72 MP: 20/20
 10139 | D:8      | Reached *** piety under Hepliaklqana
 10172 | D:8      | Found a basalt altar of Yredelemnul.
 10628 | D:8      | Learned a level 2 spell: Slow
 10631 | D:8      | Learned a level 2 spell: Blink
 10635 | D:8      | Learned a level 3 spell: Mephitic Cloud
 10753 | D:9      | Reached skill level 9 in Conjurations
 10908 | D:9      | Reached skill level 1 in Poison Magic
 11216 | D:9      | Found a staircase to the Orcish Mines.
 11257 | D:9      | Noticed Gastronok
 11268 | D:9      | Killed Gastronok
 11269 | D:9      | Reached skill level 5 in Invocations
 11396 | D:9      | Found a burning altar of Makhleb.
 11440 | D:9      | Noticed Pikel
 11441 | D:9      | Killed Pikel
 11442 | D:9      | Reached XP level 11. HP: 77/82 MP: 21/21
 11466 | D:9      | Paralysed by a hornet for 3 turns
 11777 | D:9      | Noticed Joseph
 11787 | D:9      | Killed Joseph
 11985 | D:10     | Entered Level 10 of the Dungeon
 12123 | D:10     | Found a shimmering blue altar of Sif Muna.
 12515 | D:10     | Reached **** piety under Hepliaklqana
 12580 | D:11     | Noticed Josephine
 12593 | D:11     | Killed Josephine
 12642 | D:11     | Noticed Fannar
 12653 | D:11     | HP: 4/85 [Fannar/+0 quarterstaff of freezing (12)]
 12653 | D:11     | Slain by Fannar

Illustrated notes

Levels and vault maps discovered:
D:1:      dpeg_arrival_tiny_a, layout_loops_corners, minivault_5
D:2:      layout_basic, uniq_terence
D:3:      layout_basic, lemuel_round_altar, marbit_many_paths,
          nicolae_dithmenos_shadow_blocks
D:4:      layout_loops_corners, chequers_temple_overflow_minitemple
D:5:      layout_layer_cave, kennysheep_mini_moat, cheibriados_altar_1,
          uniq_eustachio
D:6:      layout_rooms, basic_altar, chequers_serial_rivers_small_3,
          nicolae_ashenzari_panopticon
D:7:      erik_cavepeople, layout_basic, lemuel_round_altar, tgw_sif,
          minmay_temple_entry_trees, serial_shops, shop
D:8:      layout_layer_cave, old_standard_altar
D:9:      layout_roguey, makhleb_grotto_becter, david_orc_4,
          minmay_chambers_of_fives, uniq_joseph, uniq_pikel, uniq_gastronok
D:10:     layout_roguey, basic_altar
D:11:     layout_loops_ring, lair_entry_dummy, uniq_fannar, uniq_josephine
Temple:   minmay_freezing_vapour_temple

Skill      XL: |  1  2  3  4  5  6  7  8  9 10 11 |
---------------+----------------------------------+-----
Stealth        | 2 3 4 |  4.0
Dodging        | 2 3 5 7 8 |  8.0
Spellcasting   | 3 4 5 7 |  7.0
Conjurations   | 5 6 7 8 9 |  9.0
Fighting       | 2 4 6 7 8 |  8.5
Hexes          | 1 3 |  3.0
Invocations    | 4 5 7 |  7.2
Poison Magic   | 3 |  3.0

Action                   |  1- 3 |  4- 6 |  7- 9 | 10-12 || total
-------------------------+-------+-------+-------+-------++-------
Melee: Spear             |   102 |       |       |       ||   102
       Tailslap          |     3 |    11 |    28 |     8 ||    50
       Dagger            |    39 |    95 |   238 |       ||   372
       Long sword        |       |    81 |       |       ||    81
       War axe           |       |       |    24 |       ||    24
       Flail             |       |       |       |   167 ||   167
Throw: Dart              |       |       |     6 |       ||     6
 Cast: Magic Dart        |    15 |     4 |     1 |       ||    20
       Searing Ray       |     2 |    12 |       |       ||    14
       Fulminant Prism   |       |       |    10 |     4 ||    14
Invok: Recall Ancestor   |       |     1 |     2 |       ||     3
       Ancestor Identity |       |     1 |       |       ||     1
       Ancestor Life: Ba |       |       |     1 |       ||     1
 Abil: Breathe Lightning |       |       |     1 |       ||     1
  Use: Potion            |     4 |       |     2 |     1 ||     7
       Scroll            |       |     5 |     1 |     8 ||    14
 Stab: Sleeping          |     5 |     6 |     5 |     5 ||    21
       Distracted        |       |       |       |     2 ||     2
Armor: Skin              |    35 |    50 |    72 |    63 ||   220
Dodge: Dodged            |    84 |   115 |   164 |   152 ||   515
Block: Other             |       |    16 |    75 |    50 ||   141
       Reflection        |       |       |     4 |     2 ||     6
       Rpst.: Long sword |       |    26 |       |       ||    26
